 Dungeon Crawl Stone Soup version 0.19.4-12-gccf7e64 (webtiles) character file.

112 Mesmaeker13 the Skirmisher (level 4, 0/37 HPs)
             Began as a Demonspawn Fighter on Feb 27, 2017.
             Slain by an orc wizard
             ... wielding a +0 dagger
              (5 damage)
             ... on level 3 of the Dungeon.
             The game lasted 00:03:30 (2189 turns).

Mesmaeker13 the Skirmisher (Demonspawn Fighter)     Turns: 2189, Time: 00:03:31

Health: 0/37       AC:  8    Str: 22    XL:     4   Next: 63%
Magic:  4/4        EV:  7    Int: 10    God:
Gold:   37         SH:  9    Dex: 12    Spells: 0 memorised, 3 levels left

rFire  . . .     SeeInvis +     a - +0 flail
rCold  . . .     Gourm    .     b - +0 scale mail
rNeg   . . .     Faith    .     c - +0 shield
rPois  .         Spirit   .     (no helmet)
rElec  .         Reflect  .     (no cloak)
rCorr  .         Harm     .     o - +0 pair of gloves
MR     .....                    (no boots)
Stlth  ..........               (no amulet)
                                (no ring)
                                p - ring of see invisible

@: mighty
A: foul stench 1, rot immunity
a: no special abilities


You were on level 3 of the Dungeon.
You were hungry.

You visited 1 branch of the dungeon, and saw 3 of its levels.

You collected 37 gold pieces.

Inventory:

Hand Weapons
 a - a +0 flail (weapon)
Armour
 b - a +0 scale mail (worn)
 c - a +0 shield (worn)
 o - a +0 pair of gloves (worn)
Jewellery
 p - a ring of see invisible (left hand)
 s - an uncursed amulet of harm {unknown}
Scrolls
 h - a scroll of fog {unknown}
 i - a scroll of remove curse
 j - a scroll of amnesia
 k - 3 scrolls of identify {unknown}
 r - a scroll of teleportation {unknown}
 t - a scroll of enchant armour {unknown}
Potions
 d - a potion of might
 e - a potion of curing {unknown}
 l - a potion of haste {unknown}
 q - a potion of berserk rage {unknown}
Comestibles
 f - 4 bread rations
 g - a meat ration
 n - 4 fruits


   Skills:
 + Level 3.7 Fighting
 + Level 2.7 Maces & Flails
 + Level 3.4 Armour
 + Level 3.2 Shields


You had 3 spell levels left.
You didn't know any spells.

Dungeon Overview and Level Annotations

Branches:
Dungeon (3/15)

Altars:


Innate Abilities, Weirdness & Mutations

You may emit foul miasma when damaged in melee.
You are immune to rotting.


Message History

You hit the orc wizard.
The orc wizard is heavily wounded.
The orc wizard hits you but does no damage. x2
The orc wizard hits you with a dagger.
You closely miss the orc wizard.
The orc wizard is heavily wounded.
The orc wizard points at you and mumbles some strange words.
The magic dart hits you!
The orc wizard points at you and mumbles some strange words.
The puff of frost hits you! You block the orc wizard's attack.
The orc wizard barely misses you.
You feel very mighty all of a sudden.
The orc wizard gestures at you while chanting.
The magic dart hits you!
* * * LOW HITPOINT WARNING * * *
The orc wizard points at you and mumbles some strange words.
The puff of frost hits you!
* * * LOW HITPOINT WARNING * * *
The orc wizard hits you with a dagger.
You die...

#<.#
#####..###
.........)#
#########.#
#.......#
#.#######
#...#
###o########.
#@oo)$.....
###########


You could see 2 orc wizards and an orc.

Vanquished Creatures
  5 adders (D:2)
  A leopard gecko (D:1)
  An orc (D:3)
  A ball python (D:1)
  4 bats
  4 giant cockroaches
  9 goblins
  11 hobgoblins
  6 jackals (D:1)
  5 kobolds
  A quokka (D:2)
  4 frilled lizards (D:2)
  5 rats
57 creatures vanquished.

Notes
Turn   | Place    | Note
-------+----------+-------------------------------------------
     0 | D:1      | Mesmaeker13 the Demonspawn Fighter began the quest for the Orb.
     0 | D:1      | Reached XP level 1. HP: 18/18 MP: 1/1
   113 | D:1      | Gained mutation: You are immune to rotting. [demonic ancestry]
   113 | D:1      | Reached XP level 2. HP: 12/24 MP: 2/2
   574 | D:1      | Reached XP level 3. HP: 18/29 MP: 3/3
  1148 | D:2      | Gained mutation: You may emit foul miasma when damaged in melee. [demonic ancestry]
  1148 | D:2      | Reached XP level 4. HP: 25/35 MP: 4/4
  2189 | D:3      | Slain by an orc wizard

Skill      XL: |  1  2  3 |
---------------+----------+-----
Maces & Flails | 2 |  2.7
Armour         | 3 |  3.4
Shields        | 3 |  3.2
Fighting       | |  3.7

Action                   |  1- 3 |  4- 6 || total
-------------------------+-------+-------++-------
Melee: Flail             |   130 |    74 ||   204
  Use: Scroll            |       |     2 ||     2
       Potion            |       |     1 ||     1
  Eat: Chunk             |     1 |     3 ||     4
Armor: Scale mail        |    71 |    34 ||   105
Dodge: Dodged            |    41 |    22 ||    63
Block: Shield            |    76 |    35 ||   111
